 Dungeon Crawl Stone Soup version 0.25-a0-1130-g3926558f3a (webtiles) character file.

Game seed: 6217142021540456886, levelgen mode: deterministic

7055 kae the Spear-Bearer (level 10, -3/76 HPs)
             Began as a Demonspawn Wanderer on May 19, 2020.
             Was an Elder of Makhleb.
             Slain by a two-headed ogre
             ... wielding a +0 giant club
              (9 damage)
             ... on level 11 of the Dungeon.
             The game lasted 00:12:32 (13303 turns).

kae the Spear-Bearer (Demonspawn Wanderer)         Turns: 13303, Time: 00:12:33

Health: -3/76      AC: 13    Str: 14      XL:     10   Next: 83%
Magic:  0/13       EV:  7    Int: 15      God:    Makhleb [****..]
Gold:   567        SH: 11    Dex: 18 (19) Spells: 9/9 levels left

rFire    . . .     SeeInvis .   b - +1 trident (venom)
rCold    . . .     Gourm    .   c - +1 kite shield
rNeg     . . .     Faith    .   l - +0 scale mail
rPois    .         Spirit   +   (helmet restricted)
rElec    .         Reflect  .   (no cloak)
rCorr    .         Harm     .   (no gloves)
MR       .....                  g - +1 pair of boots
Stlth    ..........             (no amulet)
HPRegen  0.22/turn              k - +4 ring of protection
MPRegen  0.13/turn              y - +6 ring of dexterity

@: no status effects
A: antennae 1, demonic guardian 2, magic shield
a: Minor Destruction, Lesser Servant of Makhleb, Major Destruction, Renounce
Religion


You were on level 11 of the Dungeon.
You worshipped Makhleb.
Makhleb was greatly pleased with you.
You were not hungry.

You visited 1 branch of the dungeon, and saw 11 of its levels.
You also visited: Sewer.

You collected 663 gold pieces.
You spent 96 gold pieces at shops.

Inventory:

Hand Weapons
 a - a +3 trident
 b - a +1 trident of venom (weapon)
Armour
 c - a +1 kite shield (worn)
 g - a +1 pair of boots (worn)
 l - a +0 scale mail (worn)
Jewellery
 h - an uncursed amulet of faith
 k - a +4 ring of protection (left hand)
 m - an uncursed ring of protection from cold
 q - an uncursed ring of see invisible
 y - a +6 ring of dexterity (right hand)
Wands
 x - a wand of flame (15)
Scrolls
 d - 6 scrolls of remove curse
 e - 4 scrolls of enchant armour
 p - 3 scrolls of fear
 r - 6 scrolls of teleportation
 s - 3 scrolls of blinking
 v - 2 scrolls of enchant weapon
 C - a scroll of identify
Potions
 i - 5 potions of flight
 j - 2 potions of magic
 n - a potion of stabbing
 o - a potion of might
 t - 2 potions of heal wounds
 u - 3 potions of curing
 w - 2 potions of haste
 z - a potion of brilliance
 A - a potion of berserk rage
 B - a potion of mutation
Comestibles
 f - 16 rations


   Skills:
 - Level 6.0 Fighting
 * Level 12.7 Polearms
 - Level 1.2 Throwing
 - Level 4.0 Armour
 - Level 5.0 Shields
 - Level 5.0 Invocations


You had 9 spell levels left.
You didn't know any spells.
Your spell library contained the following spells:

 Spells                   Type           Power        Failure   Level  Hunger
 Corpse Rot               Necr/Air       N/A          99%         2    ###....
 Confusing Touch          Hex            #.......     100%        3    ####...
 Gell's Gravitas          Tloc           #.........   100%        3    ####...
 Stone Arrow              Conj/Erth      #.....       100%        3    ####...
 Petrify                  Tmut/Erth      #.......     100%        4    #####..
 Metabolic Englaciation   Hex/Ice        #.........   100%        5    ######.
 Summon Forest            Summ/Tloc      #.........   100%        5    ######.
 Yara's Violent Unravell  Hex/Tmut       #.........   100%        5    ######.
 Eringya's Noxious Bog    Tmut/Pois      #.........   100%        6    #######
 Hydra Form               Tmut           #.........   100%        6    #######
 Summon Hydra             Summ           #.........   100%        7    #######


Dungeon Overview and Level Annotations

Branches:
Dungeon (11/15)            Temple (0/1) D:5           Sewer (visited)
   Lair: D:8-11         Orc: D:9-12

Altars:
Dithmenos
Gozag
Makhleb
Sif Muna
Vehumet
Yredelemnul
The Shining One

Shops:
D:9 !


Innate Abilities, Weirdness & Mutations

You have a pair of small antennae on your head.
A demonic guardian rushes to your aid.
When hurt, damage is shared between your health and your magic reserves.


Message History

The two-headed ogre is heavily wounded.
The two-headed ogre hits you with a +0 giant club!
The two-headed ogre hits you with a +0 giant spiked club!!
You hit the two-headed ogre.
The two-headed ogre looks as sick as possible!
The two-headed ogre is heavily wounded.
You hit the two-headed ogre but do no damage.
The two-headed ogre looks as sick as possible!
The two-headed ogre is heavily wounded.
The two-headed ogre hits you with a +0 giant club!
* * * LOW HITPOINT WARNING * * *
You block the two-headed ogre's attack.
You completely miss the two-headed ogre.
The two-headed ogre is heavily wounded.
You hit the two-headed ogre.
The two-headed ogre is severely wounded.
The two-headed ogre hits you with a +0 giant club!
* * * LOW HITPOINT WARNING * * *
The two-headed ogre hits you with a +0 giant spiked club!
You die...

#............##.......#
..............#.......#
..................#####
.........)....#####
..........<)..#
.........)).>.# .....
#............## .....
.............# ...h..
#.#####..###@# ..O(.. #
#.## #O##...... ...#
#h#......? ###
##.#....... #..........
#....###### #.##..# #..
..# ...# ..#


You could see a two-headed ogre (extremely poisoned) and a hound.

Vanquished Creatures
  A two-headed ogre (D:8)
  A komodo dragon (D:9)
  A kobold demonologist (D:11)
  A troll (D:9)
  A hippogriff (D:9)
  3 yaks
  A spriggan (D:10)
  A wyvern (D:8)
  2 hungry ghosts
  Menkaure (D:7)
  2 orc warriors
  2 ice beasts
  A sky beast (D:8)
  An ogre (D:8)
  A phantom (D:4)
  5 centaurs
  2 big kobolds (D:8)
  2 bullfrogs
  A gnoll sergeant (D:8)
  12 killer bees
  5 wights
  2 howler monkeys
  6 crimson imps
  A centaur zombie (D:10)
  A bullfrog zombie (D:8)
  4 hounds
  A jelly (D:9)
  6 orc priests
  2 bullfrog skeletons (D:8)
  9 orc wizards
  2 centaur skeletons
  An iguana (D:9)
  Terence (D:2)
  3 worker ants
  2 hound skeletons (D:5)
  10 gnolls
  13 adders
  A shadow imp (D:6)
  An ooze (D:1)
  An adder skeleton (D:7)
  A worm (D:4)
  A dart slug (D:1)
  9 leopard geckos
  40 orcs
  11 bats
  9 giant cockroaches
  6 goblins
  8 hobgoblins
  9 jackals
  22 kobolds
  6 quokkas
  3 ball pythons
  9 frilled lizards
  A jackal zombie (D:7)
  2 quokka skeletons (D:9)
  4 rats
255 creatures vanquished.

Vanquished Creatures (collateral kills)
  A hippogriff (D:10)
  A wyvern (D:8)
  2 yaks (D:10)
  A hungry ghost (D:10)
  Purgy (Sewer)
  A black bear (D:10)
  An ice beast (D:5)
  A centaur (D:9)
  3 bullfrogs
  7 killer bees
  2 orc wizards
  A gnoll shaman (D:6)
  A worker ant (D:6)
  2 gnolls (D:6)
  A worm (D:6)
  A leopard gecko (D:5)
  3 orcs
30 creatures vanquished.

Grand Total: 285 creatures vanquished

Notes
Turn   | Place    | Note
-------+----------+-------------------------------------------
     0 | D:1      | kae the Demonspawn Wanderer began the quest for the Orb.
     0 | D:1      | kae set off with the following items: a +0 spear, a potion
                  | of curing, a +0 kite shield, a +0 robe, a ration
     0 | D:1      | Reached XP level 1. HP: 19/19 MP: 1/1
   398 | D:1      | Gained mutation: When hurt, damage is shared between your
                  | health and your magic reserves. [demonic ancestry]
   398 | D:1      | Reached XP level 2. HP: 25/25 MP: 2/2
   430 | D:1      | Reached skill level 2 in Polearms
  1039 | D:2      | Gained mutation: You have a pair of small antennae on your
                  | head. [demonic ancestry]
  1039 | D:2      | Reached XP level 3. HP: 28/30 MP: 3/3
  1128 | D:2      | Found a faded altar of an unknown god.
  1879 | D:3      | Noticed Terence
  1948 | D:2      | Killed Terence
  1948 | D:2      | Gained mutation: A weak demonic guardian rushes to your
                  | aid. [demonic ancestry]
  1948 | D:2      | Reached XP level 4. HP: 8/38 MP: 1/4
  2205 | D:3      | Reached skill level 3 in Polearms
  2296 | D:3      | Reached XP level 5. HP: 14/43 MP: 3/5
  3708 | D:4      | Reached XP level 6. HP: 31/50 MP: 3/6
  3914 | D:4      | Reached skill level 5 in Fighting
  3914 | D:4      | Reached skill level 4 in Polearms
  5056 | D:4      | Found a burning altar of Makhleb.
  5056 | D:4      | Found a shimmering blue altar of Sif Muna.
  5141 | D:4      | Became a worshipper of Makhleb the Destroyer
  5200 | D:5      | Entered Level 5 of the Dungeon
  5254 | D:5      | Noticed an ice beast
  5265 | D:5      | Killed an ice beast
  5265 | D:5      | Reached XP level 7. HP: 56/56 MP: 7/7
  5339 | D:5      | Reached skill level 1 in Invocations
  5662 | D:5      | Found a glowing drain.
  5672 | Sewer    | Entered a sewer
  5692 | Sewer    | Noticed Purgy
  5716 | Sewer    | Killed Purgy
  5716 | Sewer    | Reached skill level 5 in Polearms
  5872 | Sewer    | Reached * piety under Makhleb
  6069 | D:5      | Found a staircase to the Ecumenical Temple.
  6111 | D:5      | Found a glowing golden altar of the Shining One.
  6116 | D:5      | Found a basalt altar of Yredelemnul.
  6118 | D:5      | Noticed a profane servitor
  6426 | D:5      | Noticed an angel
  6700 | D:6      | Found a shadowy altar of Dithmenos.
  6991 | D:6      | Reached XP level 8. HP: 64/64 MP: 9/9
  7385 | D:6      | Reached skill level 6 in Polearms
  7722 | D:7      | Found a radiant altar of Vehumet.
  7789 | D:7      | Reached ** piety under Makhleb
  7948 | D:7      | Reached skill level 7 in Polearms
  7948 | D:7      | Reached skill level 5 in Invocations
  7955 | D:7      | HP: 3/64 [poisoned by a killer bee]
  7963 | D:7      | HP: 3/64 [poisoned by a killer bee]
  8299 | D:7      | Gained mutation: A demonic guardian rushes to your aid.
                  | [demonic ancestry]
  8299 | D:7      | Reached XP level 9. HP: 51/69 MP: 7/12
  8413 | D:7      | Reached skill level 5 in Shields
  8500 | D:7      | Noticed Menkaure
  8510 | D:7      | Killed Menkaure
  9038 | D:8      | Reached skill level 8 in Polearms
  9637 | D:8      | Reached skill level 9 in Polearms
  9866 | D:8      | Noticed a two-headed ogre
  9896 | D:8      | Killed a two-headed ogre
  9896 | D:8      | Reached skill level 10 in Polearms
  9898 | D:8      | Reached *** piety under Makhleb
 10450 | D:8      | Reached XP level 10. HP: 76/76 MP: 13/13
 11083 | D:9      | Reached skill level 11 in Polearms
 11134 | D:9      | Found Xitup's Distillery.
 11229 | D:9      | Bought a potion of mutation for 96 gold pieces
 11886 | D:10     | Entered Level 10 of the Dungeon
 12538 | D:10     | Found an opulent altar of Gozag.
 12551 | D:10     | Reached **** piety under Makhleb
 12551 | D:10     | Reached skill level 12 in Polearms
 13083 | D:11     | Noticed a smoke demon
 13285 | D:11     | Noticed a two-headed ogre
 13303 | D:11     | Slain by a two-headed ogre

Illustrated notes

Levels and vault maps discovered:
D:1:      scummos_arrival_hexagon, layout_basic
D:2:      layout_basic, chequers_ecumenical_altar_simple_redux, minmay_between
D:3:      layout_loops_ring, serial_rivers, chequers_serial_rivers_micro_e,
          chequers_serial_rivers_micro_b, chequers_serial_rivers_micro_c,
          chequers_serial_rivers_room_a, chequers_serial_rivers_micro_b,
          first_ration, mrwooster_statue_mirror, kennysheep_donut, uniq_terence
D:4:      layout_loops_corners, gammafunk_temple_overflow_statue
D:5:      layout_rooms, grunt_temple_overflow_holy_war,
          minmay_temple_entry_waves, portal_sewer_entry_f
D:6:      layout_gridville, lemuel_coloured_pillars_altar, minmay_joined_circles
D:7:      layout_basic, old_standard_altar, uniq_menkaure
D:8:      layout_cave_pods, minmay_radiant
D:9:      layout_irregular_city, serial_shops, shop
D:10:     layout_roguey, basic_altar, the_bakery, minmay_stone_trees_medium,
          dk_vineyard_3
D:11:     layout_rooms, lair_entry_dummy

Skill      XL: |  1  2  3  4  5  6  7  8  9 10 |
---------------+-------------------------------+-----
Polearms       | 2 3 4 5 7 10 12 | 12.7
Armour         | 2 3 4 |  4.0
Shields        | 2 3 4 5 |  5.0
Fighting       | 5 6 |  6.0
Invocations    | 2 5 |  5.0
Throwing       | |  1.2

Action                   |  1- 3 |  4- 6 |  7- 9 | 10-12 || total
-------------------------+-------+-------+-------+-------++-------
Melee: Spear             |   210 |   353 |   288 |       ||   851
       Trident           |       |       |   439 |   350 ||   789
Invok: Minor Destruction |       |       |     6 |     2 ||     8
Evoke: Wand              |       |       |       |     1 ||     1
  Use: Scroll            |     7 |       |    12 |     4 ||    23
       Potion            |     5 |     1 |     2 |       ||     8
 Stab: Sleeping          |     5 |     1 |       |       ||     6
       Distracted        |       |     2 |     2 |     1 ||     5
  Eat: Chunk             |     3 |    11 |    17 |     9 ||    40
       Ration            |       |       |     1 |     1 ||     2
Armor: Robe              |    42 |    38 |       |       ||    80
       Scale mail        |       |    65 |   285 |    78 ||   428
Dodge: Dodged            |    50 |    57 |   128 |    57 ||   292
Block: Kite shield       |    73 |   127 |   305 |   136 ||   641

Table legend:
 A = Non-vault XP
 B = Vault XP
 C = Vault XP percentage of total XP
 D = Non-vault monster count
 E = Vault monster count
 F = Vault count percentage of total count
                 A         B        C        D         E       F
            +---------+---------+-------+---------+---------+-------
      Total |    8124 |    1955 |  19.4 |     250 |      35 |  12.3
            +---------+---------+-------+---------+---------+-------
        D:1 |      34 |       0 |   0.0 |      14 |       0 |   0.0
        D:2 |      41 |      43 |  51.2 |      19 |       5 |  20.8
        D:3 |     149 |       0 |   0.0 |      39 |       0 |   0.0
        D:4 |     383 |       0 |   0.0 |      19 |       0 |   0.0
        D:5 |     462 |      14 |   2.9 |      15 |       6 |  28.6
        D:6 |     326 |     427 |  56.7 |      17 |      11 |  39.3
        D:7 |    1041 |     172 |  14.2 |      17 |       1 |   5.6
        D:8 |    1424 |     970 |  40.5 |      42 |       3 |   6.7
        D:9 |    1728 |       0 |   0.0 |      29 |       0 |   0.0
       D:10 |    2080 |     215 |   9.4 |      30 |       1 |   3.2
       D:11 |     456 |       0 |   0.0 |       9 |       0 |   0.0
      Sewer |       0 |     114 | 100.0 |       0 |       8 | 100.0
            +---------+---------+-------+---------+---------+-------
